 Dungeon Crawl Stone Soup version 0.28-a0-479-g5baa6b73be (webtiles) character file.

Game seed: 4275634945755716303

1666 dolemite99 the Spear-Bearer (level 9, 0/111 HPs)
             Began as a Merfolk Fighter on Sept 19, 2021.
             Was an Initiate of Gozag.
             Slain by a centaur (3 damage)
             ... on level 6 of the Dungeon.
             The game lasted 00:06:55 (8993 turns).

dolemite99 the Spear-Bearer (Merfolk Fighter)       Turns: 8993, Time: 00:06:56

Health: 0/111      AC: 14    Str: 20    XL:     9   Next: 1%
Magic:  9/9        EV:  5    Int:  7    God:    Gozag
Gold:   204        SH:  0    Dex: 13    Spells: 8/8 levels left

rFire   . . .      SeeInvis .   a - +0 trident (flame)
rCold   . . .      Faith    .   c - +0 buckler
rNeg    . . .      Spirit   .   t - +0 plate armour
rPois   .          Reflect  .   E - +1 helmet
rElec   .          Harm     .   (no cloak)
rCorr   .          Rampage  .   (no gloves)
Will    .....                   G - +0 pair of boots
Stlth   ..........              (no amulet)
HPRegen 0.28/turn               (no ring)
MPRegen 0.11/turn               (no ring)

@: confused, berserking, gold aura, hasted, very quick
A: (nimble swimmer 2), mertail
a: Renounce Religion, Potion Petition, Call Merchant, Bribe Branch


You were on level 6 of the Dungeon.
You worshipped Gozag.
Gozag was aware of your devotion.
You visited 1 branch of the dungeon, and saw 6 of its levels.

You collected 285 gold pieces.
You paid 81 gold pieces to Gozag.

Inventory:

Hand Weapons
 a - a +0 trident of flaming (weapon)
 g - a +2 hand axe of flaming
 i - a +0 short sword of flaming
 B - the +1 hand axe "Sesokoap" {elec, rN+++ MP+9 Str-5 Int+6 Dex-5}
   (You found it on level 4 of the Dungeon)

   It occasionally discharges a powerful burst of electricity upon striking a
   foe.
   Str:       It affects your strength (-5).
   Int:       It affects your intelligence (+6).
   Dex:       It affects your dexterity (-5).
   rN:        It renders you almost immune to negative energy.
   MP:        It affects your magic capacity (+9).
 C - a +1 war axe of freezing
Missiles
 f - 7 poisoned darts (quivered)
 l - 89 bolts
 p - 6 boomerangs
 s - 189 stones
 y - 22 sling bullets
 D - 11 javelins
Armour
 b - a +0 scale mail
 c - a +0 buckler (worn)
 q - a +0 chain mail
 t - a +0 plate armour (worn)
 E - a +1 helmet (worn)
 G - a +0 pair of boots (worn)
Jewellery
 o - a +6 ring of dexterity
 u - a +6 ring of intelligence
 w - a ring of ice
Wands
 H - a wand of paralysis (6)
Scrolls
 d - a scroll of amnesia
 k - a scroll of blinking
 x - a scroll of noise {unknown}
 A - a scroll of teleportation
 J - a scroll of fog
Potions
 e - 4 potions of brilliance
 h - a potion of resistance {unknown}
 j - a potion of cancellation {unknown}
 m - a potion of berserk rage
 n - a potion of haste
 r - a potion of heal wounds {unknown}
 z - a potion of invisibility {unknown}


   Skills:
 + Level 8.1 Fighting
 - Level 12.5 Polearms
 - Level 2.1 Armour
 - Level 3.0 Shields


You had 8 spell levels left.
You didn't know any spells.
Your spell library contained the following spells:

 Spells                   Type           Power      Damage    Failure   Level
 Sandblast                Erth           0%         2d4       100%        1
 Ensorcelled Hibernation  Hex/Ice        0%         N/A       100%        2
 Passwall                 Tmut/Erth      0%         N/A       100%        2
 Frozen Ramparts          Ice            0%         1d2       100%        3
 Ignite Poison            Fire/Tmut/Pois 0%         N/A       100%        3
 Mephitic Cloud           Conj/Pois/Air  0%         N/A       100%        3
 Ozocubu's Armour         Ice            0%         N/A       100%        3
 Stone Arrow              Conj/Erth      0%         3d7       100%        3
 Tukima's Dance           Hex            0%         N/A       100%        3
 Animate Armour           Summ/Erth      0%         N/A       100%        4
 Olgreb's Toxic Radiance  Pois           0%         N/A       100%        4
 Freezing Cloud           Conj/Ice/Air   0%         6-21      100%        5
 Eringya's Noxious Bog    Tmut/Pois      0%         N/A       100%        6
 Ozocubu's Refrigeration  Ice            0%         4d5       100%        7
 Ignition                 Fire           0%         3d3       100%        8
 Lehudib's Crystal Spear  Conj/Erth      0%         10d2      100%        8


Dungeon Overview and Level Annotations

Branches:
Dungeon (6/15)
 Temple: D:4-7

Altars:
Cheibriados
Fedhas
Gozag


Innate Abilities, Weirdness & Mutations

((You are quick and stealthy near water. (Stealth+, EV+, Speed+++)))
Your lower body shifts to a powerful aquatic tail in water.


Message History

The centaur hits you.
* * * LOW HITPOINT WARNING * * *
The centaur barely misses you.
You are too berserk!
You miss the orc wizard.
The orc wizard hits you but does no damage.
The centaur barely misses you. x2
You hit the centaur. You burn the centaur.
You kill the centaur!
The centaur hits you but does no damage.
The centaur barely misses you.
Your Fighting skill increases to level 8!
You have reached level 9!
Your experience leads to an increase in your attributes!
Increase (S)trength, (I)ntelligence, or (D)exterity?
Uppercase letters only, please.
You feel stronger.
You bump into the rock wall.
The orc wizard hits you but does no damage.
The centaur hits you but does no damage.
The centaur barely misses you.
You bump into the rock wall.
You feel a strong urge to attack something.
The centaur hits you.
* * * LOW HITPOINT WARNING * * *
The centaur kicks you but does no damage.
You closely miss the centaur.
The centaur is heavily wounded.
The orc wizard points at you and mumbles some strange words.
The magic dart hits you.
* * * LOW HITPOINT WARNING * * *
You closely miss the centaur.
The centaur is heavily wounded.
The centaur hits you.
* * * LOW HITPOINT WARNING * * *
The centaur kicks you but does no damage.
You closely miss the orc wizard. The orc wizard barely misses you.
The centaur hits you.
You die...
Your body crumbles into a pile of gold.

#...# ....# .... #..# ..
#..# .# # #..# .#(# #.
#.####§§####.#.###.######
..o..§§c@§§..(...........
..#.###o###.(#..##.......
#§# #$.# ........
#§###$.# #..### #...$..#
### #..#.. #####$## ..#
##.#.. #.# #.# #.'..
#.####.# #.#.. #......#
#.#..


You could see a centaur and an orc wizard.

Vanquished Creatures
  Grinder (D:4)
  Sigmund (D:5)
  A water moccasin (D:6)
  A black bear (D:4)
  2 ogres
  A centaur (D:6)
  A phantom (D:4)
  A wyvern zombie (D:6)
  3 scorpions (D:6)
  A gnoll sergeant (D:6)
  3 hounds (D:5)
  2 orc priests (D:6)
  A jelly (D:5)
  Jessica (D:2)
  Ijyb (D:5)
  3 orc wizards
  5 adders
  3 gnolls (D:6)
  A white imp (D:6)
  An adder skeleton (D:4)
  2 worms
  3 dart slugs
  11 orcs
  5 ball pythons
  5 bats
  4 endoplasms
  7 hobgoblins
  12 jackals
  5 quokkas (D:1)
  3 frilled lizards
  5 goblins
  7 kobolds
  8 rats
111 creatures vanquished.

Notes
Turn   | Place    | Note
-------+----------+-------------------------------------------
     0 | D:1      | dolemite99 the Merfolk Fighter began the quest for the Orb.
     0 | D:1      | Reached XP level 1. HP: 18/18 MP: 1/1
   356 | D:1      | Reached skill level 4 in Polearms
   356 | D:1      | Reached XP level 2. HP: 16/24 MP: 2/2
  1217 | D:1      | Reached skill level 5 in Polearms
  1217 | D:1      | Reached XP level 3. HP: 29/29 MP: 3/3
  1752 | D:2      | Reached skill level 6 in Polearms
  1752 | D:2      | Reached XP level 4. HP: 6/35 MP: 4/4
  2710 | D:2      | Noticed Jessica
  2716 | D:2      | Killed Jessica
  2805 | D:2      | Reached skill level 7 in Polearms
  3265 | D:3      | Reached XP level 5. HP: 29/41 MP: 5/5
  3604 | D:3      | Found a faded altar of an unknown god.
  4202 | D:4      | Reached skill level 8 in Polearms
  4619 | D:4      | Noticed a black bear
  4631 | D:4      | Killed a black bear
  4632 | D:4      | Reached skill level 9 in Polearms
  4632 | D:4      | Reached XP level 6. HP: 36/47 MP: 6/6
  5127 | D:4      | Got Sif Muna's Papyrus of Nocuous Snow
  5156 | D:4      | Identified the +1 hand axe "Sesokoap" {elec, rN+++ MP+9
                  | Str-5 Int+6 Dex-5}
  5239 | D:4      | Noticed Grinder
  5251 | D:4      | Paralysed by Grinder for 7 turns
  5267 | D:4      | Paralysed by Grinder for 4 turns
  5272 | D:4      | Killed Grinder
  5273 | D:4      | Reached skill level 10 in Polearms
  5273 | D:4      | Reached XP level 7. HP: 6/52 MP: 7/7
  5960 | D:4      | Identified the +1 dagger "Arcanum" {speed, *Noise MP+9
                  | Int+8 SInv}
  5974 | D:5      | Entered Level 5 of the Dungeon
  6086 | D:4      | Reached skill level 11 in Polearms
  6540 | D:6      | Found a snail-covered altar of Cheibriados.
  6681 | D:5      | Noticed Sigmund
  6712 | D:5      | Killed Sigmund
  6713 | D:5      | Reached skill level 12 in Polearms
  6713 | D:5      | Reached XP level 8. HP: 26/58 MP: 8/8
  7272 | D:5      | Noticed Ijyb
  7285 | D:5      | Paralysed by Ijyb for 3 turns
  7294 | D:5      | Killed Ijyb
  8035 | D:6      | Reached skill level 5 in Fighting
  8237 | D:6      | Found a blossoming altar of Fedhas.
  8264 | D:6      | Found an opulent altar of Gozag.
  8346 | D:6      | Became a worshipper of Gozag Ym Sagoz the Greedy
  8989 | D:6      | Reached XP level 9. HP: 14/74 MP: 9/9
  8992 | D:6      | HP: 3/111 [centaur (4)]
  8993 | D:6      | Slain by a centaur

Illustrated notes

Levels and vault maps discovered:
D:1:      dpeg_arrival_ratfight, layout_basic, kennysheep_nondescript,
          minmay_close_crescents
D:2:      layout_basic, dk_vineyard_2, columned_hall_lemuel, uniq_jessica
D:3:      layout_loops_cross, shapermc_ecumenical_altar_ellora,
          supply_closet_lemuel, corner_web_ring
D:4:      layout_loops_ring, uniq_grinder
D:5:      layout_basic, uniq_sigmund, uniq_ijyb
D:6:      layout_loops_ring, amcnicky_altar_gilded, grunt_temple_overflow_open,
          minmay_temple_entry_glassed_door

Skill      XL: |  1  2  3  4  5  6  7  8 |
---------------+-------------------------+-----
Polearms       | 4 5 6 7 9 10 12 | 12.5
Fighting       | 8 |  8.1
Armour         | |  2.1
Shields        | |  3.0

Action                   |  1- 3 |  4- 6 |  7- 9 || total
-------------------------+-------+-------+-------++-------
Melee: Trident           |   115 |   162 |   155 ||   432
Throw: Dart              |    29 |    40 |    16 ||    85
  Use: Potion            |       |     1 |     6 ||     7
       Scroll            |       |       |    14 ||    14
Armor: Scale mail        |    27 |     2 |       ||    29
       Chain mail        |       |    10 |       ||    10
       Plate armour      |       |    43 |   105 ||   148
Dodge: Dodged            |    43 |    27 |    25 ||    95
Block: Buckler           |    23 |    30 |    36 ||    89

Table legend: (Time is in decaauts)
 A = Elapsed time spent in this place.
 B = Non-inter-level travel time spent in this place.
 C = Inter-level travel time spent in this place.
 D = Time resting spent in this place.
 E = Time spent auto-exploring this place.
 F = Levels seen in this place.
 G = Mean time per level.
                   A        B        C        D        E       F      G
               +--------+--------+--------+--------+--------+-----+--------+
         Total |   8942 |   8848 |     94 |   4140 |   3431 |   6 | 1490.3 |
       Dungeon |   8942 |   8848 |     94 |   4140 |   3431 |   6 | 1490.3 |
               +--------+--------+--------+--------+--------+-----+--------+

Top non-repeatable levels by time:
     D:4: 2137 daAuts
     D:5: 1651 daAuts
     D:1: 1639 daAuts
     D:2: 1619 daAuts
     D:6: 954 daAuts
     D:3: 940 daAuts
